 Dungeon Crawl Stone Soup version 0.31.0-32-g396128a36d (webtiles) character file.

Game seed: 14566609200212733928

67 spaghetti the Gusty (level 4, 0/21 HPs)
             Began as a Vine Stalker Air Elementalist on Mar 12, 2024.
             Succumbed to Terence's poison
             ... on level 2 of the Dungeon.
             The game lasted 00:02:48 (1606 turns).

spaghetti the Gusty (Vine Stalker Air Elementalist) Turns: 1606, Time: 00:02:48

Health: 0/21       AC:  4    Str: 11    XL:     4   Next: 18%
Magic:  8/8        EV: 12    Int: 17    God:
Gold:   24         SH:  0    Dex: 14    Spells: 6/7 levels left

rFire   . . .        (no weapon)
rCold   . . .        (no shield)
rNeg    . . .        a - +1 robe
rPois   .            (no helmet)
rElec   .            (no cloak)
rCorr   .            g - +0 pair of gloves
SInv    .            (no boots)
Will    .....        (no amulet)
Stlth   +            (no ring)
HPRegen 1.03/turn    (no ring)
MPRegen 0.11/turn

%: guardian spirit
@: confused, lethally poisoned (0 -> -9), ambrosia-drunk
A: fangs 2, regeneration 1, magic shield, antimagic bite, no potion heal 2
a: no special abilities


You were on level 2 of the Dungeon.
You visited 1 branch of the dungeon, and saw 3 of its levels.

You collected 24 gold pieces.

Inventory:

Hand Weapons
 d - a +0 quarterstaff
Armour
 a - a +1 robe (worn)
 g - a +0 pair of gloves (worn)
Jewellery
 e - an amulet of faith
Scrolls
 c - a scroll of immolation {unknown}
 h - a scroll of blinking {unknown}
Potions
 b - a potion of magic


   Skills:
 - Level 1.5 Dodging
 - Level 2.4 Stealth
 - Level 2.1 Spellcasting
 - Level 1.0 Conjurations
 + Level 4.9 Air Magic


You had 6 spell levels left.
You knew the following spells:

 Your Spells              Type           Power      Damage    Failure   Level
a - Shock                 Conj/Air       44%        1d5       5%          1

Your spell library contained the following spells:

 Spells                   Type           Power      Damage    Failure   Level
 Swiftness                Air            18%        N/A       8%          3
 Static Discharge         Conj/Air       22%        3-4/arc   9%          2
 Airstrike                Air            9%         2d(2-18)  24%         4


Dungeon Overview and Level Annotations

Branches:
Dungeon (3/15)

Altars:

Annotations:
D:2 Terence


Innate Abilities, Weirdness & Mutations

You have extremely sharp teeth.
Your natural rate of healing is unusually fast.
When hurt, damage is shared between your health and your magic reserves.
Your bite disrupts and absorbs the magic of your enemies.
Potions cannot restore your health.


Message History

Casting: Shock (safe; 5% risk of failure)
Confirm with . or Enter, or press ? or * to list all spells.
Aiming: Shock (safe; 5% risk of failure)
Press: ? - help, Shift-Dir - straight line, f/p - Terence
Aim: Terence, wielding a +0 trident of venom and wearing a +0 scale mail (lightly wounded, 72% to hit)
The zap hits Terence.
Terence is moderately wounded.
Terence hits you from afar with a +0 trident of venom.
You are poisoned.
Casting: Shock (safe; 5% risk of failure)
Confirm with . or Enter, or press ? or * to list all spells.
Aiming: Shock (safe; 5% risk of failure)
Press: ? - help, Shift-Dir - straight line, f/p - Terence
Aim: Terence, wielding a +0 trident of venom and wearing a +0 scale mail (moderately wounded, 72% to hit)
The zap hits Terence.
Terence is moderately wounded.
You feel very sick. Terence closely misses you.
It was a potion of ambrosia.
You are confused.
Your system rejects the healing.
You feel invigorated.
You feel sick. Terence barely misses you.
You feel sick.
You bump into the rock wall.
You feel sick.
Terence hits you from afar with a +0 trident of venom!
You are lethally poisoned!
Your magical contamination has completely faded away.
You bump into the rock wall.
You feel very sick.
Terence says, "Don't bother to defend, it's useless."
Terence hits you from afar with a +0 trident of venom.
You are more poisoned.
* * * LOW HITPOINT WARNING * * *
You feel very sick. Terence attacks as he pursues you!
Terence barely misses you.
Okay, then.
You are too confused!
Unknown command.
Okay, then.
You die...

#...........##..####
####..................
##....................# #
#.....................###$.
...........................
..................##.......
...........................
.........#####.....@.......
..>.............@.##.######
.........######...# .#
.........# #...# .$
.........# ##### #.#
.....)...# .# .........# ..
#.......## ## ##.....##
#######


You could see Terence.

Vanquished Creatures
  A gnoll (D:1)
  2 adders (D:2)
  A dart slug (D:1)
  3 ball pythons (D:1)
  2 bats
  7 endoplasms
  A giant cockroach (D:1)
  3 goblins
  4 hobgoblins (D:1)
  4 kobolds
  3 quokkas (D:1)
  3 frilled lizards
  A rat (D:1)
35 creatures vanquished.

Notes
Turn   | Place    | Note
-------+----------+-------------------------------------------
     0 | D:1      | spaghetti the Vine Stalker Air Elementalist began the quest
                  | for the Orb.
     0 | D:1      | Reached XP level 1. HP: 9/9 MP: 4/4
    78 | D:1      | Reached XP level 2. HP: 13/13 MP: 0/6
   313 | D:1      | Reached skill level 4 in Air Magic
   375 | D:1      | Reached XP level 3. HP: 16/16 MP: 1/7
   918 | D:1      | Found a faded altar of an unknown god.
  1339 | D:2      | Reached XP level 4. HP: 14/21 MP: 2/8
  1594 | D:2      | Noticed Terence
  1606 | D:2      | Succumbed to Terence's poison

Illustrated notes

Levels and vault maps discovered:
D:1:      kennysheep_arrival_seaside, layout_rooms,
          hellmonk_ecumenical_altar_leap_of_faith, minmay_distorted
D:2:      layout_rooms, minmay_pentomino_x2, uniq_terence
D:3:      layout_loops_ring, mainiacjoe_overflow_24_doors, serial_bayou,
          serial_bayou_pond_b, serial_bayou_ford_a, serial_bayou_shore_b,
          serial_bayou_lagoon_a, amcnicky_mini_corridor_feature,
          grunt_ministairs_14

Skill      XL: |  1  2 |
---------------+-------+-----
Air Magic      | 4 |  4.9
Dodging        | |  1.5
Stealth        | |  2.4
Spellcasting   | |  2.1
Conjurations   | |  1.0

Action                     |  1- 3 |  4- 6 || total
---------------------------+-------+-------++-------
  Melee: Unarmed           |    26 |     2 ||    28
         Bite              |     8 |     1 ||     9
   Cast: Shock             |    73 |    18 ||    91
    Use: Scroll            |     2 |       ||     2
         Potion            |       |     1 ||     1
   Stab: Sleeping          |     1 |       ||     1
 Armour: Robe              |    28 |    14 ||    42
  Dodge: Dodged            |    45 |    17 ||    62
